 Dungeon Crawl Stone Soup version 0.30.1-3-gfc49f6343a (webtiles) character file.

Game seed: 5795725058134346196

73 leafyfresh the Covert (level 4, -10/41 HPs)
             Began as a Gnoll Delver on Aug 4, 2023.
             Killed from afar by Ijyb (13 damage)
             ... with a bolt of acid
             ... on level 3 of the Dungeon.
             The game lasted 00:02:21 (1047 turns).

leafyfresh the Covert (Gnoll Delver)                Turns: 1047, Time: 00:02:21

Health: -10/41     AC:  5    Str: 12    XL:     4   Next: 27%
Magic:  5/5        EV: 13    Int:  9    God:
Gold:   35         SH:  0    Dex: 15    Spells: 5/5 levels left

rFire   . . .        a - +0 short sword
rCold   . . .        (no shield)
rNeg    . . .        b - +0 leather armour
rPois   .            (no helmet)
rElec   .            (no cloak)
rCorr   .            j - +1 pair of gloves
SInv    .            (no boots)
Will    .....        (no amulet)
Stlth   ++++         (no ring)
HPRegen 0.26/turn    (no ring)
MPRegen 0.09/turn

%: no passive effects
@: no status effects
A: fangs 1, strong nose, distributed training
a: no special abilities


You were on level 3 of the Dungeon.
You visited 1 branch of the dungeon, and saw 3 of its levels.

You collected 35 gold pieces.

Inventory:

Hand Weapons
 a - a +0 short sword (weapon)
 h - a +0 sling
Armour
 b - a +0 leather armour (worn)
 j - a +1 pair of gloves (worn)
Wands
 g - a wand of digging (3)
Scrolls
 c - a scroll of fog
 d - a scroll of magic mapping
 i - a scroll of identify {unknown}
Potions
 f - a potion of haste


   Skills:
 + Level 6.6 Fighting
 + Level 4.6 Short Blades
 + Level 1.1 Long Blades
 + Level 1.1 Axes
 + Level 1.1 Maces & Flails
 + Level 1.1 Polearms
 + Level 1.1 Staves
 + Level 1.1 Ranged Weapons
 + Level 1.1 Throwing
 + Level 1.1 Armour
 + Level 4.6 Dodging
 + Level 9.6 Stealth
 + Level 1.1 Shields
 + Level 1.1 Unarmed Combat
 + Level 1.1 Spellcasting
 + Level 0.9 Conjurations
 + Level 0.9 Hexes
 + Level 0.9 Summonings
 + Level 0.9 Necromancy
 + Level 0.9 Translocations
 + Level 0.9 Transmutations
 + Level 0.9 Fire Magic
 + Level 0.9 Ice Magic
 + Level 0.9 Air Magic
 + Level 0.9 Earth Magic
 + Level 0.9 Poison Magic
 + Level 1.2 Invocations
 + Level 1.1 Evocations


You had 5 spell levels left.
You didn't know any spells.
Your spell library was empty.

Dungeon Overview and Level Annotations

Branches:
Dungeon (5/15)
 Temple: D:4-7

Altars:
Hepliaklqana

Portals:
Sewer: D:3

Annotations:
D:3 Ijyb
D:4 Eustachio


Innate Abilities, Weirdness & Mutations

You have very sharp teeth.
Your uncanny sense of smell can sniff out nearby items.
Your experience applies equally to all skills.


Message History

Ijyb hits you with a +0 dagger.
You hit Ijyb but do no damage.
Ijyb is heavily wounded.
Ijyb hits you with a +0 dagger.
* * * LOW HITPOINT WARNING * * *
You hit Ijyb but do no damage.
Ijyb is heavily wounded.
You closely miss Ijyb.
Ijyb is heavily wounded.
Ijyb misses you.
You closely miss Ijyb.
Ijyb is heavily wounded.
Ijyb hits you with a +0 dagger.
* * * LOW HITPOINT WARNING * * *
You closely miss Ijyb. You bite Ijyb, but do no damage.
Ijyb is heavily wounded.
Ijyb hits you with a +0 dagger.
* * * LOW HITPOINT WARNING * * *
You hit Ijyb.
Ijyb is heavily wounded.
Unknown command.
As you read the scroll of fear, it crumbles to dust.
You assume a fearsome visage.
The worm looks frightened!
Ijyb looks frightened!
There are monsters nearby!
Cornered, Ijyb turns to fight!
Ijyb closely misses you.
You can't go up here!
You are too injured to fight recklessly!
You hit Ijyb but do no damage. You bite Ijyb, but do no damage.
Ijyb is heavily wounded.
You are no longer corroded.
Ijyb barely misses you.
You barely miss Ijyb. Your bite misses Ijyb.
Ijyb is heavily wounded.
Ijyb hits you with a +0 dagger.
* * * LOW HITPOINT WARNING * * *
You hit Ijyb but do no damage.
Ijyb is heavily wounded.
Ijyb zaps a wand.
The bolt of acid hits you!
You die...

.~≈.....≈~.#.#
.##~~.~~##.#.#
#.##≈~.~~##...# #
#......w..†.##..#
..##...##......#
. #.#....####.#
#.#.#### #.#g# ∆
#..@#
#...........
#...........
#...........
#...........
##?######### ..
###


You could see Ijyb and a worm (fleeing).

Vanquished Creatures
  A hound (D:4)
  2 adders (D:4)
  2 worms (D:4)
  A dart slug (D:4)
  A bat (D:3)
  An endoplasm (D:4)
  A goblin (D:4)
  4 hobgoblins (D:4)
  3 quokkas (D:4)
  A ball python (D:3)
  A kobold (D:4)
18 creatures vanquished.

Notes
Turn   | Place    | Note
-------+----------+-------------------------------------------
     0 | D:5      | Reached skill level 9 in Stealth
     0 | D:5      | leafyfresh the Gnoll Delver began the quest for the Orb.
     0 | D:5      | Reached XP level 1. HP: 23/23 MP: 1/1
    13 | D:5      | Noticed a scorpion
   197 | D:4      | Reached XP level 2. HP: 29/29 MP: 2/2
   460 | D:4      | Found a hazy altar of Hepliaklqana.
   563 | D:4      | Reached XP level 3. HP: 35/35 MP: 3/3
   579 | D:4      | Reached skill level 1 in Invocations
   635 | D:4      | HP: 1/35 [hound (5)]
   643 | D:4      | Reached skill level 1 in Long Blades
   643 | D:4      | Reached skill level 1 in Axes
   643 | D:4      | Reached skill level 1 in Maces & Flails
   643 | D:4      | Reached skill level 1 in Polearms
   643 | D:4      | Reached skill level 1 in Staves
   643 | D:4      | Reached skill level 1 in Ranged Weapons
   643 | D:4      | Reached skill level 1 in Throwing
   643 | D:4      | Reached skill level 1 in Armour
   643 | D:4      | Reached skill level 1 in Shields
   643 | D:4      | Reached skill level 1 in Unarmed Combat
   643 | D:4      | Reached skill level 1 in Spellcasting
   643 | D:4      | Reached skill level 1 in Evocations
   643 | D:4      | Reached XP level 4. HP: 3/41 MP: 5/5
   825 | D:4      | Noticed Eustachio
   895 | D:3      | Found a glowing drain.
   896 | D:3      | Noticed Ijyb
  1047 | D:3      | Killed from afar by Ijyb

Illustrated notes

Levels and vault maps discovered:
D:3:      layout_basic, kennysheep_vampire_church,
          nicolae_ecumenical_snake_handling, cheibrodos_sewer_entry_sluice,
          uniq_ijyb
D:4:      layout_loops_corners, nicolae_hepliaklqana_hazy_memory,
          minmay_temple_entry_statues, minmay_misc_feat_enclosed, uniq_eustachio
D:5:      layout_gridville, amcnicky_altar_gilded

Skill      XL: |  1  2  3 |
---------------+----------+-----
Stealth        | |  9.6
Invocations    | 1 |  1.2
Long Blades    | 1 |  1.1
Axes           | 1 |  1.1
Maces & Flails | 1 |  1.1
Polearms       | 1 |  1.1
Staves         | 1 |  1.1
Ranged Weapons | 1 |  1.1
Throwing       | 1 |  1.1
Armour         | 1 |  1.1
Shields        | 1 |  1.1
Unarmed Combat | 1 |  1.1
Spellcasting   | 1 |  1.1
Evocations     | 1 |  1.1
Fighting       | |  6.6
Short Blades   | |  4.6
Dodging        | |  4.6
Conjurations   | |  0.9
Hexes          | |  0.9
Summonings     | |  0.9
Necromancy     | |  0.9
Translocations | |  0.9
Transmutations | |  0.9
Fire Magic     | |  0.9
Ice Magic      | |  0.9
Air Magic      | |  0.9
Earth Magic    | |  0.9
Poison Magic   | |  0.9

Action                     |  1- 3 |  4- 6 || total
---------------------------+-------+-------++-------
  Melee: Short sword       |    92 |    55 ||   147
         Bite              |     8 |     6 ||    14
         Punch             |       |     1 ||     1
    Use: Scroll            |       |     1 ||     1
   Stab: Sleeping          |     4 |     2 ||     6
 Armour: Leather armour    |    18 |     5 ||    23
  Dodge: Dodged            |    47 |    24 ||    71
